 Dungeon Crawl Stone Soup version 0.30-a0-696-g2367cd04db (webtiles) character file.

Game seed: 4663697724601996413

63 holysushi the Cutter (level 4, -5/24 HPs)
             Began as a Vine Stalker Monk on Jan 21, 2023.
             Slain by Robin
             ... wielding a +1 short sword of electrocution
              (10 damage)
             ... on level 2 of the Dungeon.
             The game lasted 00:01:50 (1428 turns).

holysushi the Cutter (Vine Stalker Monk)            Turns: 1428, Time: 00:01:50

Health: -5/24      AC:  2    Str: 14    XL:     4   Next: 9%
Magic:  0/5        EV: 12    Int: 10    God:
Gold:   84         SH:  5    Dex: 18    Spells: 3/3 levels left

rFire   . . .      SeeInvis .    a - +1 short sword
rCold   . . .      Faith    .    d - +1 buckler
rNeg    . . .      Spirit   +    b - +0 robe
rPois   .          Reflect  .    (no helmet)
rElec   .          Harm     .    (no cloak)
rCorr   .          Rampage  .    (no gloves)
Will    .....                    (no boots)
Stlth   ++                       (no amulet)
HPRegen 1.04/turn                (no ring)
MPRegen 0.09/turn                (no ring)

@: no status effects
A: fangs 2, regeneration 1, magic shield, antimagic bite, no potion heal 2
a: no special abilities


You were on level 2 of the Dungeon.
You visited 1 branch of the dungeon, and saw 2 of its levels.

You collected 84 gold pieces.

Inventory:

Hand Weapons
 a - a +1 short sword (weapon)
Armour
 b - a +0 robe (worn)
 d - a +1 buckler (worn)
Jewellery
 g - a ring of flight
 h - a ring of ice
Scrolls
 e - 2 scrolls of blinking {unknown}
 f - 2 scrolls of identify
 m - a scroll of fog {unknown}
 n - a scroll of teleportation {unknown}
Potions
 c - a potion of ambrosia
 i - a potion of brilliance {unknown}
 j - a potion of lignification
 k - a potion of mutation {unknown}
 l - a potion of cancellation {unknown}


   Skills:
 + Level 3.2 Fighting
 * Level 3.8 Short Blades
 - Level 2.4 Dodging
 - Level 2.4 Stealth
 - Level 0.7 Shields


You had 3 spell levels left.
You didn't know any spells.
Your spell library was empty.

Dungeon Overview and Level Annotations

Branches:
Dungeon (2/15) Zot: 10587

Altars:

Annotations:
D:2 Robin


Innate Abilities, Weirdness & Mutations

You have extremely sharp teeth.
Your natural rate of healing is unusually fast.
When hurt, damage is shared between your health and your magic reserves.
Your bite disrupts and absorbs the magic of your enemies.
Potions cannot restore your health.


Message History

You hit Robin.
Robin is lightly wounded.
Robin hits you with a +1 short sword of electrocution.
You hit Robin but do no damage. You bite Robin. You drain their power.
Robin is moderately wounded.
The hobgoblin no longer looks unusually strong.
Robin hits you but does no damage.
You hit Robin. You bite Robin. You drain their power.
Robin is heavily wounded.
Robin misses you.
You barely miss Robin.
Robin is heavily wounded.
Robin closely misses you.
You hit Robin but do no damage.
Robin is heavily wounded.
Robin roars a battlecry!
The hobgoblin goes into a battle-frenzy!
You hit Robin but do no damage. You bite Robin, but do no damage.
Robin is heavily wounded.
The hobgoblin no longer looks unusually strong.
You barely miss Robin. You bite Robin, but do no damage.
Robin is heavily wounded.
Robin hits you with a +1 short sword of electrocution.
You are electrocuted!!
Ouch! That really hurt!
* * * LOW HITPOINT WARNING * * *
You hit Robin.
Robin is severely wounded.
Robin roars a battlecry!
The hobgoblin goes into a battle-frenzy!
You hit Robin but do no damage. Your bite misses Robin.
Robin is severely wounded.
You block Robin's attack.
You closely miss Robin. You bite Robin. You drain their power.
You feel invigorated.
Robin is almost dead.
Robin hits you with a +1 short sword of electrocution.
* * * LOW HITPOINT WARNING * * *
You are electrocuted!
You die...

...........###.#.......#
#######........#####.###
#........# #.#
#........# #.#
#....[...# #.#
#....†...# #.#
#........# #.#
#†.......#####.#
####....gg@...[####
#####g##........
#†##.....### gg.#.....#
.J..#.....# g.g.!#.....#
.gg...#.....#
......##.....#
.(..#####.....#


You could see Robin and 2 hobgoblins.

Vanquished Creatures
  An adder (D:2)
  4 dart slugs
  7 endoplasms
  A giant cockroach (D:1)
  8 goblins
  6 hobgoblins
  2 jackals (D:1)
  2 kobolds (D:1)
  2 quokkas
  2 ball pythons (D:1)
  2 frilled lizards (D:1)
  5 rats
42 creatures vanquished.

Notes
Turn   | Place    | Note
-------+----------+-------------------------------------------
     0 | D:1      | holysushi the Vine Stalker Monk began the quest for the
                  | Orb.
     0 | D:1      | Reached XP level 1. HP: 11/11 MP: 2/2
    99 | D:1      | Reached XP level 2. HP: 15/16 MP: 3/3
   457 | D:1      | Reached XP level 3. HP: 20/20 MP: 4/4
  1402 | D:2      | Noticed Robin
  1406 | D:2      | Gained mutation: Your natural rate of healing is unusually
                  | fast. [Vine Stalker growth]
  1406 | D:2      | Reached XP level 4. HP: 23/24 MP: 5/5
  1428 | D:2      | Slain by Robin

Illustrated notes

Levels and vault maps discovered:
D:1:      matt_arrival_spirals, layout_loops_ring
D:2:      layout_basic, uniq_robin

Skill      XL: |  1  2 |
---------------+-------+-----
Short Blades   | 3 |  3.8
Fighting       | 3 |  3.2
Dodging        | |  2.4
Stealth        | |  2.4
Shields        | |  0.7

Action                   |  1- 3 |  4- 6 || total
-------------------------+-------+-------++-------
Melee: Short sword       |    99 |    21 ||   120
       Bite              |    24 |     7 ||    31
  Use: Scroll            |     5 |       ||     5
 Stab: Sleeping          |     5 |       ||     5
Armor: Robe              |    10 |     1 ||    11
Dodge: Dodged            |    48 |     5 ||    53
Block: Buckler           |    18 |     1 ||    19

Table legend: (Time is in decaauts)
 A = Elapsed time spent in this place.
 B = Non-inter-level travel time spent in this place.
 C = Inter-level travel time spent in this place.
 D = Time resting spent in this place.
 E = Time spent auto-exploring this place.
 F = Levels seen in this place.
 G = Mean time per level.
                   A        B        C        D        E       F      G
               +--------+--------+--------+--------+--------+-----+--------+
         Total |   1412 |   1406 |      6 |    117 |    967 |   2 |  706.0 |
       Dungeon |   1412 |   1406 |      6 |    117 |    967 |   2 |  706.0 |
               +--------+--------+--------+--------+--------+-----+--------+

Top non-repeatable levels by time:
     D:1: 901 daAuts
     D:2: 511 daAuts
